 Dungeon Crawl Stone Soup version 0.30.1-11-g7821555f0a (webtiles) character file.

Game seed: 7039808577488750569

39 porpoise the Shooter (level 3, -3/31 HPs)
             Began as a Minotaur Hunter on Dec 26, 2023.
             Killed from afar by a dart slug (6 damage)
             ... with a slug dart
             ... on level 2 of the Dungeon.
             The game lasted 00:02:50 (678 turns).

porpoise the Shooter (Minotaur Hunter)               Turns: 678, Time: 00:02:53

Health: -3/31      AC:  6    Str: 15    XL:     3   Next: 26%
Magic:  2/2        EV: 11    Int:  6    God:
Gold:   78         SH:  0    Dex: 15    Spells: 2/2 levels left

rFire   . . .        a - +0 shortbow
rCold   . . .        (shield currently unavailable)
rNeg    . . .        d - +0 ring mail
rPois   .            (helmet restricted)
rElec   .            (no cloak)
rCorr   .            (no gloves)
SInv    .            i - +0 pair of boots
Will    .....        (no amulet)
Stlth   +            (no ring)
HPRegen 0.25/turn    (no ring)
MPRegen 0.08/turn

%: no passive effects
@: no status effects
A: horns 2, retaliatory headbutt
a: no special abilities


You were on level 2 of the Dungeon.
You visited 1 branch of the dungeon, and saw 2 of its levels.

You collected 78 gold pieces.

Inventory:

Hand Weapons
 a - a +0 shortbow (weapon)
 b - a +2 short sword of speed
Missiles
 f - 5 poisoned darts
Armour
 d - a +0 ring mail (worn)
 i - a +0 pair of boots (worn)
Scrolls
 c - a scroll of immolation
 e - a scroll of torment
 h - a scroll of teleportation {unknown}
Potions
 j - a potion of brilliance
 k - 2 potions of berserk rage


   Skills:
 + Level 3.1 Fighting
 * Level 5.0 Ranged Weapons
 + Level 1.5 Armour
 - Level 2.1 Dodging
 - Level 0.7 Stealth


You had 2 spell levels left.
You didn't know any spells.
Your spell library was empty.

Dungeon Overview and Level Annotations

Branches:
Dungeon (2/15)

Altars:

Annotations:
D:2 Sigmund


Innate Abilities, Weirdness & Mutations

You have a pair of horns on your head.
You reflexively headbutt those who attack you in melee.


Message History

The puff of flame misses you. Sigmund hits you with a +0 scythe.
You bump into the rock wall.
Sigmund barely misses you.
You bump into the rock wall.
You feel less confused. Sigmund hits you but does no damage.
You shoot an arrow.
The arrow hits Sigmund but does no damage.
Sigmund closely misses you. You furiously retaliate!
You headbutt Sigmund. You shoot an arrow. The arrow hits Sigmund!
Sigmund is moderately wounded.
Sigmund hits you with a +0 scythe!
The dart slug bites you but does no damage.
You shoot an arrow. The arrow hits Sigmund.
Sigmund is heavily wounded.
Sigmund hits you with a +0 scythe. The dart slug barely misses you.
You shoot an arrow. The arrow hits Sigmund.
Sigmund is severely wounded.
Sigmund casts a spell at you. The puff of flame hits you.
The dart slug bites you but does no damage.
You shoot an arrow. The arrow closely misses Sigmund.
Sigmund gestures at you while chanting. The puff of flame hits you.
* * * LOW HITPOINT WARNING * * *
You shoot an arrow. The arrow hits Sigmund.
Sigmund is almost dead.
Sigmund closely misses you. The dart slug misses you.
You shoot an arrow. The arrow closely misses Sigmund.
Sigmund closely misses you. The dart slug launches a dart at you.
The slug dart hits you.
* * * LOW HITPOINT WARNING * * *
You shoot an arrow. The arrow hits Sigmund.
Sigmund is almost dead.
Sigmund hits you with a +0 scythe.
* * * LOW HITPOINT WARNING * * *
The dart slug launches a dart at you. The slug dart hits you.
You die...

[ #.# ##. ####.# #..
#..... #.# #....# #.#
#####....####.##########
................|.......
.?.....@.####.##########
####(..@.####.#
.......w......#
.....###.#..### ####
#.)#+# ....## ##...#
##..# ##.. ###


You could see Sigmund and a dart slug.

Vanquished Creatures
  2 dart slugs (D:1)
  3 ball pythons (D:1)
  A bat (D:1)
  4 endoplasms (D:1)
  A giant cockroach (D:1)
  4 hobgoblins
  3 jackals (D:1)
  A kobold (D:1)
  3 quokkas (D:1)
  3 frilled lizards (D:1)
  2 goblins
  2 rats
29 creatures vanquished.

Notes
Turn   | Place    | Note
-------+----------+-------------------------------------------
     0 | D:1      | porpoise the Minotaur Hunter began the quest for the Orb.
     0 | D:1      | Reached XP level 1. HP: 18/18 MP: 0/0
   100 | D:1      | Reached XP level 2. HP: 25/25 MP: 1/1
   106 | D:1      | Reached skill level 1 in Armour
   361 | D:1      | Reached skill level 5 in Ranged Weapons
   361 | D:1      | Reached XP level 3. HP: 31/31 MP: 2/2
   660 | D:2      | Noticed Sigmund
   678 | D:2      | Killed from afar by a dart slug

Illustrated notes

Levels and vault maps discovered:
D:1:      dpeg_arrival_rhombus, layout_basic
D:2:      layout_basic, dreamdust_mushroom_princess, supply_closet_lemuel,
          due_unseen_surprise, uniq_sigmund

Skill      XL: |  1  2 |
---------------+-------+-----
Armour         | 1 |  1.5
Fighting       | 3 |  3.1
Ranged Weapons | 5 |  5.0
Dodging        | |  2.1
Stealth        | |  0.7

Action                     || total
---------------------------++-------
   Fire: Shortbow          ||    77
    Use: Scroll            ||     3
 Armour: Ring mail         ||     9
  Dodge: Dodged            ||    25
